 Dungeon Crawl Stone Soup version 0.25-a0-737-g26c3a87c45 (webtiles) character file.

Game seed: 8008181332811119525, levelgen mode: deterministic

63153 Ashen the Thaumaturge (level 14, -8/114 HPs)
             Began as a Mummy Summoner on Apr 2, 2020.
             Was an Elder of Sif Muna.
             Killed from afar by a shock serpent (17 damage)
             ... with a bolt of electricity
             ... on level 2 of the Lair of Beasts on Apr 11, 2020.
             The game lasted 03:14:35 (42881 turns).

Ashen the Thaumaturge (Mummy Summoner)             Turns: 42881, Time: 03:14:36

Health: -8/114     AC: 10    Str: 11    XL:     14   Next: 67%
Magic:  29/40      EV: 17    Int: 20    God:    Sif Muna [****..]
Gold:   1356       SH:  0    Dex: 12    Spells: 2/40 levels left

rFire    . . .     SeeInvis +   o - +7 quarterstaff of the Chain {vorpal, rPois Stlth+}
rCold    + + .     Gourm    .   (shield currently unavailable)
rNeg     + + +     Faith    .   O - +2 robe {rC+ rF+}
rPois    ∞         Spirit   .   n - +0 helmet
rElec    .         Reflect  .   m - +2 cloak
rCorr    .         Harm     .   (no gloves)
MR       +....                  E - +1 pair of boots
Stlth    ++++......             L - amulet of the acrobat
HPRegen  0.29/turn              A - ring of magical power
MPRegen  0.27/turn              K - ring of see invisible

@: about to teleport, very slightly contaminated, studying Long Blades
A: no food or potions, fire vulnerability, cold resistance 1, negative energy
resistance 3, torment resistance, unbreathing, in touch with death 1
a: Channel Magic, Forget Spell, Divine Exegesis, Renounce Religion


You were on level 2 of the Lair of Beasts.
You worshipped Sif Muna.
Sif Muna was greatly pleased with you.
You were not hungry.

You visited 5 branches of the dungeon, and saw 25 of its levels.
You also visited: Sewer and Volcano.

You collected 2546 gold pieces.
You spent 1190 gold pieces at shops.

Inventory:

Hand Weapons
 c - a +0 short sword of venom
 o - the +7 quarterstaff of the Chain (weapon) {vorpal, rPois Stlth+}
   (You found it on level 4 of the Dungeon)

   It inflicts extra damage upon your enemies.
   It protects you from poison.
   It makes you more stealthy.
 t - a +0 whip of flaming
Armour
 m - a +2 cloak (worn)
 n - a +0 helmet (worn)
 s - a +2 robe of magic resistance
 C - a +0 tower shield
 E - a +1 pair of boots (worn)
 J - a +0 kite shield
 O - a +2 robe of resistance (worn)
 P - a +0 buckler
 X - +0 acid dragon scales
Magical Staves
 V - an uncursed staff of wizardry
Jewellery
 h - an uncursed amulet of harm
 q - an uncursed ring of protection from cold
 A - a ring of magical power (left hand)
 G - the ring "Kiysif" {*Corrode rF+ rN+++ Str-2 Stlth+}
   (You bought it in a shop on level 4 of the Dungeon)

   [ring of strength]

   It affects your strength (-2).
   It protects you from fire.
   It renders you almost immune to negative energy.
   It may corrode you when you take damage.
   It makes you more stealthy.
 I - an uncursed ring of protection from cold
 K - a ring of see invisible (right hand)
 L - an amulet of the acrobat (around neck)
 T - an uncursed ring of flight
Wands
 a - a wand of paralysis (19)
 f - a wand of random effects (11)
 i - a wand of enslavement (5)
 l - a wand of polymorph (14)
 u - a wand of digging (20)
 v - a wand of clouds (4)
 N - a wand of iceblast (6)
 R - a wand of disintegration (7)
Scrolls
 b - a scroll of identify
 e - 6 scrolls of teleportation
 g - a scroll of acquirement
 j - 3 scrolls of fog
 k - 4 scrolls of enchant armour
 p - 4 scrolls of noise
 r - 8 scrolls of remove curse
 w - a scroll of fear
 x - a scroll of torment
 z - 4 scrolls of enchant weapon
 D - 2 scrolls of immolation
 F - a scroll of holy word
 H - a scroll of vulnerability
 U - a scroll of silence
 Z - a scroll of amnesia
Books
 y - a manual of Long Blades
Miscellaneous
 S - a lightning rod (4/4)


   Skills:
 + Level 11.7 Fighting
 - Level 5.0 Staves
 + Level 10.2 Dodging
 - Level 5.0 Stealth
 + Level 13.8 Spellcasting
 - Level 5.0 Hexes
 + Level 10.5 Summonings
 * Level 5.8 Evocations


You had 2 spell levels left.
You knew the following spells:

 Your Spells              Type           Power        Failure   Level  Hunger
a - Summon Small Mammal   Summ           ####         1%          1    N/A
b - Blink                 Tloc           N/A          7%          2    N/A
c - Call Canine Familiar  Summ           ######..     1%          3    N/A
d - Summon Guardian Gole  Hex/Summ       #####...     1%          3    N/A
e - Summon Lightning Spi  Summ/Air       #####...     5%          4    N/A
f - Summon Ice Beast      Ice/Summ       #####...     5%          4    N/A
g - Summon Mana Viper     Hex/Summ       #####...     5%          5    N/A
h - Summon Forest         Summ/Tloc      #####.....   14%         5    N/A
i - Summon Demon          Summ           ######....   1%          5    N/A
j - Shadow Creatures      Summ           N/A          10%         6    N/A

Your spell library contained the following spells:

 Spells                   Type           Power        Failure   Level  Hunger
 Call Imp                 Summ           ######..     1%          2    N/A
 Slow                     Hex            ####....     1%          2    N/A
 Ensorcelled Hibernation  Hex/Ice        ###...       2%          2    N/A
 Foxfire                  Conj/Fire      ##..         4%          1    N/A
 Magic Dart               Conj           ##..         4%          1    N/A
 Shock                    Conj/Air       ##..         4%          1    N/A
 Sting                    Tmut/Pois      ##..         4%          1    N/A
 Passwall                 Tmut/Erth      ##......     7%          2    N/A
 Confusing Touch          Hex            ####....     1%          3    N/A
 Conjure Flame            Conj/Fire      ##......     14%         3    N/A
 Gell's Gravitas          Tloc           ##........   14%         3    N/A
 Mephitic Cloud           Conj/Pois/Air  ##......     14%         3    N/A
 Static Discharge         Conj/Air       ##......     14%         3    N/A
 Teleport Other           Tloc           ##......     14%         3    N/A
 Fulminant Prism          Conj/Hex       ###.......   17%         4    N/A
 Leda's Liquefaction      Hex/Erth       ###.......   17%         4    N/A
 Petrify                  Tmut/Erth      ##......     43%         4    N/A
 Metabolic Englaciation   Hex/Ice        ###.......   43%         5    N/A
 Silence                  Hex/Air        ###.......   43%         5    N/A
 Yara's Violent Unravell  Hex/Tmut       ###.......   43%         5    N/A
 Summon Hydra             Summ           ######....   45%         7    N/A
 Darkness                 Hex            ####......   67%         6    N/A
 Bolt of Magma            Conj/Fire/Erth ##........   78%         5    N/A
 Borgnjor's Vile Clutch   Necr/Erth      ###.......   78%         5    N/A
 Fireball                 Conj/Fire      ##........   78%         5    N/A
 Lightning Bolt           Conj/Air       ##........   78%         5    N/A
 Malign Gateway           Summ/Tloc      #####.....   99%         7    N/A
 Spellforged Servitor     Conj/Summ      #####.....   99%         7    N/A
 Conjure Ball Lightning   Conj/Air       ##........   100%        6    N/A
 Iron Shot                Conj/Erth      ##........   100%        6    N/A
 Starburst                Conj/Fire      ##........   100%        6    N/A
 Chain Lightning          Conj/Air       ##........   100%        8    N/A
 Ignition                 Fire           ##........   100%        8    N/A
 Fire Storm               Conj/Fire      ##........   100%        9    N/A
 Shatter                  Erth           ##........   100%        9    N/A
 Tornado                  Air            ##........   100%        9    N/A
 Blade Hands              Tmut           Unusable     N/A         5    N/A
 Statue Form              Tmut/Erth      Unusable     N/A         6    N/A

Dungeon Overview and Level Annotations

Branches:
Dungeon (15/15)            Temple (1/1) D:5            Lair (6/6) D:11
 Shoals (0/4) Lair:2        Snake (1/4) Lair:2        Slime (0/5) Lair:6
    Orc (2/2) D:11            Elf (0/3) Orc:2        Vaults (0/5) D:14
 Depths (0/5) D:15          Sewer (visited)         Volcano (visited)

Altars:
Ashenzari
Cheibriados
Dithmenos
Elyvilon
Fedhas
Gozag
Hepliaklqana
Kikubaaqudgha
Makhleb
Nemelex Xobeh
Okawaru
Qazlal
Ru
Sif Muna
Trog
Uskayaw
Vehumet
Wu Jian
Xom
Yredelemnul
Zin
The Shining One
Beogh

Shops:
D:4 =   D:5 *[([   D:9 %!!?   Orc:2 !(}[

Portals:
Trove: D:14 (give 8 scrolls of blinking)

Annotations:
D:5 2 transporters, Zorot's ghost, novice OpCj
D:10 exclusion: two-headed ogre


Innate Abilities, Weirdness & Mutations

You do not eat or drink.
Your flesh is vulnerable to fire.
You are immune to poison.
Your flesh is cold resistant. (rC+)
You are immune to negative energy. (rN+++)
You are immune to unholy pain and torment.
You can survive without breathing.
You are in touch with the powers of death.


Message History

The hellwing completely misses you. The shock serpent bites you.
* * * LOW HITPOINT WARNING * * *
The shock serpent shocks you!
* * * LOW HITPOINT WARNING * * *
There is a staircase back to the Lair here.
The shock serpent misses you.
You climb upwards.
Welcome back to the Lair of Beasts!
There is a staircase to the Snake Pit here.
Okay, then.
Press: ? - help, v - describe, . - travel A staircase to the Snake Pit.
Blink to where?
Press: ? - help, Dir - move target cursor You are very lightly contaminated with residual magic.
As you read the scroll of blinking, it crumbles to dust.
As you read the scroll of teleportation, it crumbles to dust.
You feel strangely unstable.
The shock serpent shoots out a bolt of lightning at you!
The bolt of electricity hits you!
You die...

#...Y.#.# ###..÷.### #.....##
##..†### ###.÷...# ###P.....##
#.#....### #######
###.....#### #########..#..###
##.....##..###.#@..#.........#
.#...........................#
......................#......#
.....................P##.....#
....................SP##...!P#
......................P.....##
.............................#
.......................>.....#
.............................#


You could see a shock serpent.

Vanquished Creatures
  Fannar (Lair:3)
  A hydra (D:13)
  A death yak (Lair:6)
  An unseen horror (D:12)
  Pikel (D:6)
  A harpy (shapeshifter) (D:15)
  A manticore (D:14)
  2 orc sorcerers (Orc:2)
  2 elephants (Lair:6)
  2 black mambas
  3 spiny frogs
  2 gargoyles
  A rime drake (Lair:5)
  A yaktaur (D:15)
  A guardian mummy (D:15)
  3 trolls
  2 polar bears
  5 hippogriffs
  2 dream sheep (Lair:6)
  5 blink frogs
  A meliai zombie (D:13)
  9 spriggans (Lair:6)
  A shadow (D:8)
  9 yaks
  A human (D:8)
  3 hungry ghosts
  6 vampire mosquitoes
  Menkaure (D:4)
  A warg (Orc:2)
  4 water moccasins
  A soldier ant (D:13)
  4 porcupines
  3 sky beasts
  5 ice beasts
  2 black bears
  3 orc warriors
  10 wolves
  5 ogres
  5 centaurs
  2 crocodiles
  Blork the orc (D:6)
  2 big kobolds
  14 bullfrogs
  Dowan (D:5)
  A wyvern zombie (D:12)
  A wyvern skeleton (D:14)
  4 scorpions
  3 killer bees
  17 wights
  8 howler monkeys
  9 crimson imps
  5 centaur zombies
  24 orc wizards
  2 quasits
  2 bullfrog zombies
  12 orc priests
  2 hounds
  A centaur skeleton (D:10)
  Natasha (thrice) (D:4)
  2 iguanas
  12 worker ants
  A killer bee zombie (D:6)
  3 worker ant zombies
  10 adders
  4 gnolls
  3 shadow imps
  3 oozes
  2 adder skeletons
  An adder zombie (D:5)
  2 worms
  3 dart slugs
  3 leopard geckos
  49 orcs
  8 giant cockroaches
  6 goblins
  4 hobgoblins
  9 jackals
  7 quokkas
  11 bats
  A frilled lizard (D:3)
  4 jackal zombies
  9 kobolds
  A leopard gecko skeleton (D:6)
  14 rats
  3 fungi
  5 plants (D:11)
406 creatures vanquished.

Vanquished Creatures (collateral kills)
  Rupert (Lair:3)
  Gastronok (D:12)
  Roxanne (D:15)
  Nessos (Lair:6)
  A yaktaur captain (D:15)
  2 ogre magi (Orc:2)
  11 hydras
  4 vault guards (D:14)
  Erolcha (Orc:2)
  5 two-headed ogres
  2 centaur warriors
  2 catoblepae
  6 death yaks
  A naga sharpshooter (Snake:1)
  3 unseen horrors
  A wizard (D:15)
  An orc knight (Orc:2)
  An oklob plant (D:11)
  A deep elf mage (D:14)
  6 orc sorcerers
  4 cyclopes
  3 manticores
  15 ugly things
  3 black mambas
  An ice statue (Lair:4)
  A torpor snail (Lair:5)
  4 elephants
  6 spiny frogs
  2 komodo dragons
  2 gargoyles
  3 rime drakes
  2 efreet
  A freezing wraith (D:14)
  An ice devil (Lair:4)
  2 tengu conjurers
  3 guardian mummies (D:15)
  4 trolls
  8 polar bears
  5 hornets (Lair:6)
  12 blink frogs
  5 hippogriffs
  2 dream sheep (Lair:6)
  2 shadows (D:15)
  4 spriggans (Lair:6)
  A wraith (D:14)
  A centaur simulacrum (D:15)
  Sigmund (D:6)
  2 vampires (D:10)
  2 wyverns
  A wyvern (shapeshifter) (D:15)
  18 yaks
  3 basilisks
  A hungry ghost (D:7)
  5 vampire mosquitoes (D:15)
  Edmund (D:6)
  2 wargs
  An acid dragon (D:14)
  Duvessa (D:5)
  11 water moccasins
  8 porcupines
  3 sky beasts
  5 ice beasts
  12 orc warriors
  2 black bears
  A phantom (D:10)
  5 necrophages
  An eye of draining (D:14)
  5 boggarts
  6 centaurs
  18 wolves
  10 ogres
  6 crocodiles
  A big kobold (D:8)
  9 bullfrogs
  2 killer bees (D:6)
  4 wights (D:11)
  A vampire bat (D:10)
  A howler monkey (D:11)
  A crimson imp (D:15)
  A hound (D:11)
  12 orc wizards
  7 orc priests
  2 jellies (Lair:6)
  4 centaur skeletons
  An iguana (D:7)
  A worker ant (D:13)
  A hound zombie (D:9)
  A hound skeleton (D:4)
  4 mummies (D:15)
  2 gnolls
  4 adders
  A river rat (Sewer)
  2 white imps (Lair:4)
  3 oozes (Lair:6)
  2 worms (D:5)
  A leopard gecko (D:1)
  42 orcs
  3 giant cockroaches
  2 goblins (D:1)
  5 hobgoblins (D:1)
  2 jackals
  8 bats
  A frilled lizard (D:1)
  7 kobolds
  5 rats
  6 fungi
  6 plants
435 creatures vanquished.

Vanquished Creatures (others)
  3 gnolls (D:6)
  An orc (D:9)
  2 jackals (D:6)
  A bat (D:3)
  16 fungi
  9 plants
32 creatures vanquished.

Grand Total: 873 creatures vanquished

Notes
Turn   | Place    | Note
-------+----------+-------------------------------------------
     0 | D:1      | Ashen the Mummy Summoner began the quest for the Orb.
     0 | D:1      | Reached XP level 1. HP: 13/13 MP: 4/4
   364 | D:1      | Reached XP level 2. HP: 18/20 MP: 2/5
   484 | D:1      | Reached skill level 3 in Spellcasting
  1191 | D:1      | Reached skill level 1 in Fighting
  1345 | D:1      | Reached XP level 3. HP: 23/26 MP: 7/7
  1456 | D:2      | Learned a level 2 spell: Call Imp
  1460 | D:2      | Learned a level 3 spell: Call Canine Familiar
  2424 | D:2      | Reached XP level 4. HP: 16/32 MP: 5/9
  3130 | D:2      | Reached XP level 5. HP: 10/38 MP: 6/10
  3533 | D:3      | Found a white marble altar of Elyvilon.
  3560 | D:3      | Reached skill level 4 in Spellcasting
  3909 | D:3      | Found a burning altar of Makhleb.
  4242 | D:3      | Reached XP level 6. HP: 33/46 MP: 1/12
  4750 | D:4      | Got a brightly glowing quarterstaff
  4768 | D:4      | Identified the +7 quarterstaff of the Chain {vorpal, rPois
                  | Stlth+} (You found it on level 4 of the Dungeon)
  4783 | D:4      | Noticed Menkaure
  4796 | D:4      | Killed Menkaure
  4798 | D:4      | Found Caschorr's Jewellery Shoppe.
  4808 | D:4      | Bought a cursed ring of attention for 45 gold pieces
  4808 | D:4      | Bought a cursed amulet of inaccuracy for 20 gold pieces
  4900 | D:4      | Found a glowing drain.
  4962 | Sewer    | Entered a sewer
  5047 | Sewer    | Reached XP level 7. HP: 47/52 MP: 7/14
  5111 | Sewer    | Found a white marble altar of Elyvilon.
  5163 | D:4      | Noticed Natasha
  5170 | D:4      | Killed Natasha
  5237 | D:4      | Reached skill level 5 in Spellcasting
  5311 | D:4      | Noticed Natasha
  5315 | D:4      | Killed Natasha
  5324 | D:4      | Noticed Natasha
  5328 | D:4      | Found a glowing golden altar of the Shining One.
  5331 | D:4      | Killed Natasha
  5488 | D:5      | Entered Level 5 of the Dungeon
  5493 | D:5      | Learned a level 3 spell: Summon Guardian Golem
  5540 | D:5      | Found Xihiqog's General Store.
  5557 | D:5      | Bought a scroll of blinking for 82 gold pieces
  5560 | D:5      | Found a shimmering blue altar of Sif Muna.
  5563 | D:5      | Found a transporter.
  5566 | D:5      | Noticed Zorot's ghost (novice OpCj)
  5568 | D:5      | Became a worshipper of Sif Muna the Loreminder
  5658 | D:5      | Found Ijeonier's Armour Shop.
  5683 | D:5      | Noticed Dowan
  5692 | D:5      | Found a transporter.
  5709 | D:5      | Reached skill level 1 in Staves
  5957 | D:5      | Found Antagh's Weapon Shop.
  6069 | D:5      | Found a staircase to the Ecumenical Temple.
  6076 | Temple   | Entered the Ecumenical Temple
  6144 | D:5      | Reached XP level 8. HP: 11/60 MP: 9/16
  6484 | D:5      | Found an ancient bone altar of Kikubaaqudgha.
  6567 | D:5      | Reached skill level 6 in Spellcasting
  6573 | D:5      | Learned a level 4 spell: Summon Lightning Spire
  6639 | D:5      | Noticed Duvessa
  6665 | D:5      | Killed Duvessa
  6665 | D:5      | Reached skill level 5 in Summonings
  6672 | D:5      | Killed Dowan
  6796 | D:5      | Noticed a moth of wrath
  6799 | D:5      | Found a bloodstained altar of Trog.
  7309 | D:5      | Found Nide's Armour Shoppe.
  7446 | D:6      | Killed Sigmund
  7692 | D:6      | Reached * piety under Sif Muna
  7912 | D:6      | Reached skill level 5 in Fighting
  7942 | D:6      | Noticed Edmund
  7969 | D:6      | Killed Edmund
  8080 | D:6      | Noticed Blork the orc
  8090 | D:6      | Killed Blork the orc
  8258 | D:6      | Noticed Pikel
  8274 | D:6      | Killed Pikel
  8274 | D:6      | Reached skill level 7 in Spellcasting
  8274 | D:6      | Reached XP level 9. HP: 53/68 MP: 16/19
  8327 | D:6      | Learned a level 4 spell: Summon Ice Beast
  8881 | D:6      | Reached skill level 5 in Dodging
  9995 | D:8      | Reached skill level 8 in Spellcasting
 10210 | D:8      | Found a basalt altar of Yredelemnul.
 10526 | D:8      | Reached ** piety under Sif Muna
 10693 | D:8      | Reached XP level 10. HP: 77/77 MP: 11/22
 10712 | D:8      | Found an ornate altar of the Wu Jian Council.
 10716 | D:8      | Found a sparkling altar of Nemelex Xobeh.
 10716 | D:8      | Found an iron altar of Okawaru.
 10727 | D:8      | Found a snail-covered altar of Cheibriados.
 10730 | D:8      | Found a stormy altar of Qazlal.
 10789 | D:9      | Found Recs's Food Boutique.
 10944 | D:9      | Found Jasou's Distillery.
 10985 | D:9      | Found Icvuis's Distillery.
 11081 | D:9      | Found Boruv's Magic Scroll Shoppe.
 11085 | D:9      | Bought a scroll of teleportation for 45 gold pieces
 11085 | D:9      | Bought a scroll of fear for 52 gold pieces
 11085 | D:9      | Bought a scroll of teleportation for 45 gold pieces
 11085 | D:9      | Bought a scroll of enchant armour for 112 gold pieces
 11085 | D:9      | Bought a scroll of fear for 52 gold pieces
 11088 | D:9      | Found Moaru's Armour Shop.
 11969 | D:10     | Entered Level 10 of the Dungeon
 12025 | D:10     | Reached *** piety under Sif Muna
 12701 | D:10     | Killed an unseen horror
 12701 | D:10     | Reached skill level 9 in Spellcasting
 13192 | D:10     | Reached skill level 5 in Staves
 13303 | D:10     | Noticed a two-headed ogre
 13740 | D:11     | Noticed an oklob plant
 13748 | D:11     | Found a staircase to the Lair.
 13784 | D:11     | Reached **** piety under Sif Muna
 14404 | D:11     | Found a staircase to the Orcish Mines.
 14409 | D:11     | Noticed a cyclops
 15202 | D:11     | Noticed a cyclops
 15238 | D:11     | Reached XP level 11. HP: 76/85 MP: 24/24
 15454 | D:11     | Killed an oklob plant
 15600 | Lair:1   | Entered Level 1 of the Lair of Beasts
 15991 | Lair:1   | Reached skill level 10 in Spellcasting
 17240 | Lair:2   | Found a staircase to the Snake Pit.
 17301 | Lair:2   | Noticed a seven-headed hydra
 17687 | Lair:2   | Reached ***** piety under Sif Muna
 17746 | Lair:2   | Identified Sif Muna's Catalogue of the Cloudy Oath (Sif
                  | Muna gifted it to you on level 2 of the Lair of Beasts)
 17746 | Lair:2   | Received a gift from Sif Muna
 17754 | Lair:2   | Learned a level 5 spell: Summon Mana Viper
 18072 | Lair:2   | Killed a seven-headed hydra
 18191 | Lair:2   | Reached skill level 1 in Hexes
 18386 | Lair:2   | Found a staircase to the Shoals.
 18832 | Lair:3   | Noticed a catoblepas
 18976 | Lair:3   | Found a dark tunnel.
 18984 | Volcano  | Entered a volcano
 18984 | Volcano  | Noticed a two-headed ogre
 18996 | Volcano  | Noticed a two-headed ogre
 18997 | Volcano  | Killed a two-headed ogre
 18998 | Volcano  | Noticed a two-headed ogre
 18998 | Volcano  | Noticed a two-headed ogre
 18999 | Volcano  | Noticed an ogre mage
 18999 | Volcano  | Noticed a two-headed ogre
 19642 | Lair:3   | Noticed Fannar
 19701 | Lair:3   | Killed Fannar
 19701 | Lair:3   | Reached skill level 11 in Spellcasting
 19809 | Lair:3   | Killed a catoblepas
 19809 | Lair:3   | Reached XP level 12. HP: 56/95 MP: 11/27
 19962 | Lair:3   | Noticed Rupert
 20652 | Lair:3   | Noticed a five-headed hydra
 20661 | Lair:3   | Killed a five-headed hydra
 21081 | Lair:4   | Noticed a death yak
 21081 | Lair:4   | Noticed a death yak
 21081 | Lair:4   | Noticed a death yak
 21081 | Lair:4   | Noticed a death yak
 21109 | Lair:3   | Killed a death yak
 21313 | Lair:4   | Noticed a seven-headed hydra
 21746 | Lair:4   | Killed a seven-headed hydra
 21907 | Lair:4   | Killed a death yak
 21930 | Lair:4   | Killed a death yak
 22036 | Lair:4   | Killed a death yak
 22130 | Lair:4   | Noticed a five-headed hydra
 22142 | Lair:4   | Killed a five-headed hydra
 23015 | Lair:4   | Noticed a five-headed hydra
 23031 | Lair:4   | Killed a five-headed hydra
 23577 | Lair:5   | Reached skill level 5 in Stealth
 24147 | Lair:5   | Noticed a catoblepas
 24875 | Lair:5   | Found a runed translucent door.
 24877 | Lair:5   | Noticed a six-headed hydra
 25015 | Lair:5   | Noticed a four-headed hydra
 25024 | Lair:5   | Killed a four-headed hydra
 25472 | Lair:6   | Entered Level 6 of the Lair of Beasts
 25494 | Lair:6   | Noticed an eight-headed hydra
 25494 | Lair:6   | Noticed an eight-headed hydra
 25529 | Lair:6   | Killed an eight-headed hydra
 25529 | Lair:6   | Reached skill level 12 in Spellcasting
 25669 | Lair:6   | Found a staircase to the Slime Pits.
 25750 | Lair:6   | Reached skill level 10 in Fighting
 25865 | Lair:6   | Killed an eight-headed hydra
 26124 | Lair:6   | Noticed a death yak
 26150 | Lair:6   | Noticed Nessos
 26151 | Lair:6   | Upgraded the game from 0.25-a0-700-g7f8a7979f0 to
                  | 0.25-a0-734-g73332aeda9
 26164 | Lair:6   | Noticed a death yak
 26164 | Lair:6   | Noticed a death yak
 26571 | Lair:6   | Gained mutation: You are in touch with the powers of death.
                  | [Mummy growth]
 26571 | Lair:6   | Reached XP level 13. HP: 103/103 MP: 25/29
 27351 | Lair:6   | Reached skill level 5 in Hexes
 28246 | Lair:6   | Identified Sif Muna's Reference Book on Displaced
                  | Companions (Sif Muna gifted it to you on level 6 of the
                  | Lair of Beasts)
 28246 | Lair:6   | Received a gift from Sif Muna
 28377 | Lair:6   | Learned a level 5 spell: Summon Forest
 28383 | Lair:6   | Learned a level 5 spell: Summon Demon
 28395 | Lair:6   | Got a jewelled dagger
 29130 | Lair:5   | Identified the +4 dagger "Gewnam" {vorpal, MR- Str+3 Int+6}
                  | (You found it on level 6 of the Lair of Beasts)
 29734 | Lair:6   | Killed Nessos
 30670 | Lair:3   | Killed Rupert
 31706 | D:12     | Reached skill level 1 in Evocations
 31919 | D:12     | Noticed Gastronok
 31985 | D:12     | Killed Gastronok
 32539 | D:13     | Received a gift from Sif Muna
 32837 | D:13     | Reached skill level 13 in Spellcasting
 32979 | D:13     | Learned a level 2 spell: Blink
 32986 | D:13     | Learned a level 6 spell: Shadow Creatures
 33702 | D:13     | Reached skill level 10 in Summonings
 33990 | D:14     | Found a portal to a secret trove of treasure.
 35265 | D:14     | Reached XP level 14. HP: 113/113 MP: 19/31
 35445 | D:14     | Found a gate to the Vaults.
 36122 | D:14     | Identified Sif Muna's Disquisition on Conjuration (Sif Muna
                  | gifted it to you on level 14 of the Dungeon)
 36122 | D:14     | Received a gift from Sif Muna
 36564 | D:15     | Entered Level 15 of the Dungeon
 36709 | Orc:1    | Entered Level 1 of the Orcish Mines
 36964 | Orc:2    | Entered Level 2 of the Orcish Mines
 37880 | Orc:2    | Found a staircase to the Elven Halls.
 38046 | Orc:2    | Found Boluce's Gadget Shop.
 38086 | Orc:2    | Found a radiant altar of Vehumet.
 38104 | Orc:2    | Noticed Erolcha
 38114 | Orc:2    | Killed Erolcha
 38502 | Orc:2    | Found an ancient bone altar of Kikubaaqudgha.
 38538 | Orc:2    | Found Gigac's Antique Armour Boutique.
 38810 | Orc:2    | Found a roughly hewn altar of Beogh.
 38810 | Orc:2    | Found Joosocai's Distillery.
 38840 | Orc:2    | Found Menaf's Antique Weapon Shop.
 39806 | D:4      | Bought the cursed ring "Kiysif" {*Corrode rF+ rN+++ Str-2
                  | Stlth+} for 287 gold pieces
 39806 | D:4      | Bought an uncursed ring of see invisible for 150 gold
                  | pieces
 39806 | D:4      | Bought an uncursed amulet of the acrobat for 300 gold
                  | pieces
 40416 | D:15     | Reached skill level 10 in Dodging
 40637 | D:15     | Reached skill level 5 in Evocations
 41154 | D:15     | Noticed a reaper
 41154 | D:15     | Noticed a reaper
 41154 | D:15     | Noticed a reaper
 41154 | D:15     | Noticed a reaper
 41167 | D:15     | Noticed a reaper
 41251 | D:15     | Identified Roxanne's Catalogue of Transmutation
 41251 | D:15     | Noticed Roxanne
 41529 | D:15     | Identified a scroll of acquirement
 41738 | D:15     | Found a staircase to the Depths.
 42305 | D:15     | Killed Roxanne
 42396 | D:15     | Upgraded the game from 0.25-a0-734-g73332aeda9 to
                  | 0.25-a0-737-g26c3a87c45
 42580 | Snake:1  | Entered Level 1 of the Snake Pit
 42881 | Lair:2   | Killed from afar by a shock serpent

Levels and vault maps discovered:
D:1:      sevenhm_arrival_forest_fort_large_1, layout_rooms
D:2:      layout_rooms, first_ration
D:3:      layout_loops_ring, lemuel_doored_altar, nicolae_overflow_crystal_walls
D:4:      layout_rooms, tso_oasis_becter, portal_sewer_entry_d, serial_shops,
          shop_statue, small_statue_intersection, uniq_natasha, uniq_menkaure
D:5:      layout_basic, overflow_temple_1_default, tgw_trog,
          kiku_gazebo_pond_becter, minmay_temple_entry_tees,
          gammafunk_ghost_arena, serial_shops, kennysheep_mini, shop, shop,
          nicolae_shop_crystal, uniq_duvessa
D:6:      layout_cave_pods, nrook_mini_vaults,
          hangedman_abyss_or_decor_jellyfish_corner, uniq_blork_the_orc,
          uniq_edmund, uniq_pikel, uniq_sigmund
D:7:      layout_loops_cross
D:8:      layout_rooms, old_standard_altar, minmay_overflow_temple_star_hex,
          grunt_pizzeria, minmay_microvault
D:9:      layout_irregular_city, serial_shops, shop_statue, shop,
          kennysheep_little_box, shop, shop,
          hangedman_abyss_or_decor_lesser_grid
D:10:     layout_loops_ring, roderic_batcave, grunt_decor_arrowhead
D:11:     minmay_evil_eye, layout_irregular_city, dpeg_oklobed_lair, david_orc_3
D:12:     layout_stronghold, mrwooster_statue_mirror, columned_hall_lemuel,
          uniq_gastronok
D:13:     layout_roguey, serial_park_tiny_pond
D:14:     layout_small_grid, lightli_vaults_fourway_checkpoint,
          trove_entry_hex_spiral
D:15:     grunt_enter_depths_snipers, layout_irregular_city,
          corexii_hall_statues_u, minmay_misc_feat_encased,
          minmay_guarded_unrand_curses, uniq_roxanne
Temple:   eino_wide_crystal_templ
Lair:1:   layout_concentric_octagons
Lair:2:   layout_hall_layers, minmay_shoals_entry_beasts, dummy_snake_entry
Lair:3:   layout_layer_cave, serial_forest, infiniplex_forest_clump_double,
          infiniplex_forest_corner_1, infiniplex_forest_lined_3,
          infiniplex_forest_end_3, infiniplex_forest_end_2,
          infiniplex_forest_lined_3_way, infiniplex_forest_straight_3,
          lightli_volcano_entry_magma_tube, roderic_carrion_pond, uniq_rupert,
          uniq_fannar
Lair:4:   layout_regular_city, ice2_lemuel, grunt_megastairs_4
Lair:5:   layout_layer_cave, pf_torpor_hydra, infiniplex_staircase_pool,
          grunt_megastairs_3, lemuel_fruit_tree
Lair:6:   minmay_lair_end_enchanted_forest, layout_cave_pods,
          nicolae_slime_entry_slimehenge, lemuel_fruit_fields, uniq_nessos
Snake:1:  layout_onion_interference
Orc:1:    layout_caves
Orc:2:    kennysheep_orc_mage_school, layout_diamond_mine

Skill      XL: |  1  2  3  4  5  6  7  8  9 10 11 12 13 14 |
---------------+-------------------------------------------+-----
Spellcasting   | 3 4 5 7 8 9 11 12 13 | 13.8
Fighting       | 1 2 3 4 5 6 7 9 10 11 | 11.7
Stealth        | 2 3 4 5 |  5.0
Dodging        | 2 3 4 5 6 7 8 9 10 | 10.2
Summonings     | 4 5 6 7 8 9 10 | 10.5
Staves         | 1 3 4 5 |  5.0
Hexes          | 2 4 5 |  5.0
Evocations     | 3 5 |  5.8

Action                   |  1- 3 |  4- 6 |  7- 9 | 10-12 | 13-15 || total
-------------------------+-------+-------+-------+-------+-------++-------
Melee: Unarmed           |    96 |       |       |       |       ||    96
       Short sword       |    54 |   141 |       |       |       ||   195
       Quarterstaff      |       |    21 |   253 |   454 |   567 ||  1295
 Cast: Summon Small Mamm |    33 |       |       |       |       ||    33
       Call Imp          |     3 |    14 |    73 |    94 |       ||   184
       Call Canine Famil |     2 |    13 |    29 |   135 |    72 ||   251
       Summon Ice Beast  |       |       |       |   282 |   156 ||   438
       Summon Guardian G |       |       |       |     4 |     1 ||     5
       Summon Lightning  |       |       |       |     1 |       ||     1
       Summon Mana Viper |       |       |       |       |    54 ||    54
       Summon Demon      |       |       |       |       |    75 ||    75
       Summon Forest     |       |       |       |       |    11 ||    11
       Blink             |       |       |       |       |     1 ||     1
Invok: Channel Magic     |       |       |       |       |     2 ||     2
 Abil: Evoke Flight      |       |       |       |       |     1 ||     1
Evoke: Wand              |       |       |       |     1 |     1 ||     2
  Use: Scroll            |       |     2 |     7 |    15 |    21 ||    45
 Stab: Sleeping          |     1 |     3 |    20 |    13 |    17 ||    54
       Distracted        |       |       |       |     4 |     3 ||     7
Armor: Robe              |    44 |    35 |    72 |   152 |   167 ||   470
Dodge: Dodged            |   132 |   141 |   215 |   490 |   665 ||  1643

Table legend:
 A = Non-vault XP
 B = Vault XP
 C = Vault XP percentage of total XP
 D = Non-vault monster count
 E = Vault monster count
 F = Vault count percentage of total count
                 A         B        C        D         E       F
            +---------+---------+-------+---------+---------+-------
      Total |   62088 |   28131 |  31.2 |     629 |     193 |  23.5
            +---------+---------+-------+---------+---------+-------
        D:1 |      47 |       2 |   4.1 |      33 |       2 |   5.7
        D:2 |     157 |       0 |   0.0 |      21 |       0 |   0.0
        D:3 |     217 |       0 |   0.0 |      39 |       0 |   0.0
        D:4 |     247 |     189 |  43.3 |      18 |       3 |  14.3
        D:5 |     790 |     145 |  15.5 |      26 |       7 |  21.2
        D:6 |     715 |     947 |  57.0 |      24 |       4 |  14.3
        D:7 |    1078 |       0 |   0.0 |      20 |       0 |   0.0
        D:8 |     780 |     346 |  30.7 |      23 |       2 |   8.0
        D:9 |     489 |       0 |   0.0 |      22 |       0 |   0.0
       D:10 |    2841 |     100 |   3.4 |      22 |       9 |  29.0
       D:11 |    2269 |    1021 |  31.0 |      32 |      16 |  33.3
       D:12 |    1931 |    1055 |  35.3 |      17 |       1 |   5.6
       D:13 |    4490 |       0 |   0.0 |      40 |       0 |   0.0
       D:14 |    4718 |    3527 |  42.8 |      42 |      12 |  22.2
       D:15 |   10739 |    3396 |  24.0 |      45 |      12 |  21.1
     Lair:1 |    2514 |       0 |   0.0 |      20 |       0 |   0.0
     Lair:2 |    4657 |     399 |   7.9 |      31 |       2 |   6.1
     Lair:3 |    4797 |    2578 |  35.0 |      27 |       6 |  18.2
     Lair:4 |    3885 |    2075 |  34.8 |      16 |      16 |  50.0
     Lair:5 |    4822 |     976 |  16.8 |      23 |       4 |  14.8
     Lair:6 |    6385 |    6193 |  49.2 |      28 |      52 |  65.0
    Snake:1 |     401 |       0 |   0.0 |       1 |       0 |   0.0
      Orc:1 |    1603 |       0 |   0.0 |      24 |       0 |   0.0
      Orc:2 |    1516 |    4606 |  75.2 |      35 |      34 |  49.3
      Sewer |       0 |     112 | 100.0 |       0 |      10 | 100.0
    Volcano |       0 |     464 | 100.0 |       0 |       1 | 100.0
            +---------+---------+-------+---------+---------+-------
